AoeStats
← monk

Arena

510738908Analyzed
1v1 RM · 12h ago on Oct 2, 2026· 39m 59s· 2 players
Game mode
Random Map
Map size
Tiny (2 player)
Population
200
Speed
Normal
Resources
Standard
Victory
Conquest
Starting age
Dark Age
Ending age
Imperial Age
RankedLock teamsTeams togetherTeam positionsShared explorationLock speedFull tech treeHidden civsTurbo modeCheats
Victory
Defeat
🇧🇪 Burgundians · Belgium
1078
+17
🇪🇸 Bohemians · Spain
1109
-17
orcwarmaster
5:21 Double-Bit Axe
10:47 Feudal Age
14:59 Castle Age
12:59 Horse Collar
14:21 Bow Saw
17:46 Loom
21:43 Heavy Plow
22:22 Wheelbarrow
24:12 Sanctity
23:58 Devotion
24:14 Stone Mining
24:24 Gold Mining
27:57 Imperial Age
26:13 Fletching
26:24 Padded Archer Armor
27:31 Ballistics
26:36 Light Cavalry
27:17 Husbandry
27:33 Elite Skirmisher
28:29 Bodkin Arrow
28:49 Leather Archer Armor
29:57 Chemistry
30:46 Crop Rotation
30:57 Town Watch
31:36 Hand Cart
31:07 Treadmill Crane
32:20 Conscription
32:19 Burgundian Vineyards
33:46 Stone Shaft Mining
33:48 Gold Shaft Mining
33:16 Scale Mail Armor
33:48 Hussar
35:07 Town Patrol
35:57 Scale Barding Armor
35:41 Pikeman
36:30 Halberdier
37:49 Chain Mail Armor
38:23 Squires
39:33 Masonry
39:18 Murder Holes
39:27 Bracer
monk
11:33 Feudal Age
12:41 Double-Bit Axe
15:22 Castle Age
14:01 Horse Collar
22:01 Imperial Age
20:01 Bow Saw
20:26 Fervor
21:56 Chemistry
23:33 Padded Archer Armor
25:54 Two-Man Saw
26:06 Sanctity
27:20 Ballistics
29:19 Leather Archer Armor
30:46 Scale Barding Armor
32:05 Wheelbarrow
33:36 Heavy Plow
33:51 Masonry
33:34 Light Cavalry
35:23 Hand Cart
35:44 Hussite Reforms
35:48 Wagenburg Tactics
36:54 Hussite Reforms
37:10 Conscription
38:54 Town Watch
39:34 Siege Engineers
39:43 Masonry
Connection lost

Rejoining the realm…

Still unreachable

The connection could not be restored.

Session expired

The server has moved on; the page needs a fresh start.